 Dungeon Crawl Stone Soup version 0.28.0-53-g5a82cb258f (webtiles) character file.

Game seed: 17581698201497001573

353 Sin92 the Skirmisher (level 6, -9/48 HPs)
             Began as a Demonspawn Fighter on July 7, 2022.
             Mangled by Duvessa
             ... wielding a +0 short sword
              (14 damage)
             ... on level 4 of the Dungeon.
             The game lasted 00:03:24 (3943 turns).

Sin92 the Skirmisher (Demonspawn Fighter)           Turns: 3943, Time: 00:03:24

Health: -9/48      AC: 10    Str: 16    XL:     6   Next: 35%
Magic:  6/6        EV: 10    Int: 10    God:
Gold:   160        SH:  5    Dex: 14    Spells: 5/5 levels left

rFire   . . .      SeeInvis .   a - +0 long sword
rCold   . . .      Faith    .   c - +0 buckler
rNeg    . . .      Spirit   .   b - +1 scale mail
rPois   .          Reflect  .   j - +2 hat
rElec   .          Harm     .   (no cloak)
rCorr   .          Rampage  .   (no gloves)
Will    .....                   (no boots)
Stlth   ..........              (no amulet)
HPRegen 0.16/turn               (no ring)
MPRegen 0.10/turn               (no ring)

@: hasted, very quick
A: claws 2, sharp scales 1, condensation shield
a: no special abilities


You were on level 4 of the Dungeon.
You visited 1 branch of the dungeon, and saw 4 of its levels.

You collected 160 gold pieces.

Inventory:

Hand Weapons
 a - a +0 long sword (weapon)
Armour
 b - a +1 scale mail (worn)
 c - a +0 buckler (worn)
 e - a +0 helmet
 j - a +2 hat (worn)
Scrolls
 d - 3 scrolls of identify
 h - a scroll of enchant weapon
Potions
 f - 3 potions of curing
 i - a potion of resistance
 k - a potion of berserk rage {unknown}


   Skills:
 + Level 4.0 Fighting
 + Level 2.9 Long Blades
 + Level 3.6 Armour
 * Level 3.2 Dodging
 + Level 3.5 Shields


You had 5 spell levels left.
You didn't know any spells.
Your spell library contained the following spells:

 Spells                   Type           Power      Damage    Failure   Level
 Animate Skeleton         Necr           0%         N/A       86%         1
 Apportation              Tloc           0%         N/A       86%         1
 Summon Small Mammal      Summ           0%         N/A       86%         1


Dungeon Overview and Level Annotations

Branches:
Dungeon (4/15)
 Temple: D:4-7

Altars:

Annotations:
D:4 Duvessa


Innate Abilities, Weirdness & Mutations

You have very sharp fingernails.
You are partially covered in razor-sharp scales. (AC +1, Slay +1)
A meltable shield of frost defends you. (SH +0)


Message History

Duvessa closely misses you.
Unknown command.
You hit Duvessa but do no damage.
Duvessa is heavily wounded.
Duvessa barely misses you.
You hit Duvessa but do no damage.
Duvessa is heavily wounded.
Duvessa barely misses you.
You slash Duvessa!
Duvessa is severely wounded.
Duvessa hits you with a +0 short sword! x2
You hit Duvessa.
Duvessa is severely wounded.
Duvessa hits you with a +0 short sword.
* * * LOW HITPOINT WARNING * * *
You slash Duvessa!
Duvessa is severely wounded.
Duvessa closely misses you.
You hit Duvessa.
Duvessa is almost dead.
Duvessa completely misses you.
You hit Duvessa but do no damage.
Duvessa is almost dead.
Duvessa hits you with a +0 short sword.
* * * LOW HITPOINT WARNING * * *
Duvessa hits you but does no damage.
You barely miss Duvessa.
Duvessa is severely wounded.
You block Duvessa's attack.
Unknown command.
You hit Duvessa but do no damage.
Duvessa is severely wounded.
Duvessa closely misses you.
You hit Duvessa but do no damage.
Duvessa is severely wounded.
You block Duvessa's attack. x2
You hit Duvessa.
Duvessa is almost dead.
Duvessa hits you with a +0 short sword!
You die...

#.. #.# #.# #.# #.######
#################......##
.......................>#
################.#####..#
.......@.......#
#######e######.# #.# #.#
#.######.## #..........
#.......... #..........
#..........


You could see Duvessa (berserk).

Vanquished Creatures
  Sigmund (D:2)
  Dowan (D:4)
  Terence (D:2)
  4 adders
  A worm (D:3)
  A dart slug (D:2)
  8 bats
  4 endoplasms
  2 giant cockroaches
  6 goblins
  10 hobgoblins
  4 quokkas
  11 ball pythons
  6 frilled lizards
  6 kobolds
  4 rats
70 creatures vanquished.

Vanquished Creatures (others)
  5 fungi (D:2)
  10 plants
15 creatures vanquished.

Grand Total: 85 creatures vanquished

Notes
Turn   | Place    | Note
-------+----------+-------------------------------------------
     0 | D:1      | Sin92 the Demonspawn Fighter began the quest for the Orb.
     0 | D:1      | Reached XP level 1. HP: 18/18 MP: 1/1
   211 | D:1      | Gained mutation: You have sharp fingernails. [demonic
                  | ancestry]
   211 | D:1      | Reached XP level 2. HP: 11/24 MP: 2/2
   603 | D:1      | Reached skill level 1 in Dodging
   912 | D:1      | Gained mutation: You have very sharp fingernails. [demonic
                  | ancestry]
   912 | D:1      | Reached XP level 3. HP: 29/29 MP: 3/3
  1854 | D:2      | Noticed Terence
  1871 | D:2      | Killed Terence
  2244 | D:2      | Reached XP level 4. HP: 35/35 MP: 4/4
  2341 | D:2      | Found a faded altar of an unknown god.
  2351 | D:2      | Noticed Sigmund
  2381 | D:2      | Killed Sigmund
  2382 | D:2      | Gained mutation: A meltable shield of frost defends you.
                  | (SH +0) [demonic ancestry]
  2382 | D:2      | Reached XP level 5. HP: 10/42 MP: 5/5
  3229 | D:3      | Gained mutation: You are partially covered in razor-sharp
                  | scales. (AC +1, Slay +1) [demonic ancestry]
  3229 | D:3      | Reached XP level 6. HP: 47/48 MP: 6/6
  3903 | D:4      | Noticed Dowan
  3903 | D:4      | Noticed Duvessa
  3929 | D:4      | Killed Dowan
  3930 | D:4      | Reached skill level 4 in Fighting
  3943 | D:4      | Mangled by Duvessa

Illustrated notes

Levels and vault maps discovered:
D:1:      lightli_arrival_noodles, layout_basic, serial_bayou_lagoon_b
D:2:      layout_basic, shapermc_ecumenical_altar_mp_urbaneastern, uniq_terence,
          uniq_sigmund
D:3:      layout_basic, serial_glass, glass_columns_b, glass_columns_a,
          chequers_serial_rivers_micro_b
D:4:      layout_basic, serial_shops, nicolae_shop_trees, shop, uniq_duvessa

Skill      XL: |  1  2  3  4  5  6 |
---------------+-------------------+-----
Long Blades    | 2 |  2.9
Dodging        | 1 2 3 |  3.2
Armour         | 3 |  3.6
Shields        | 3 |  3.5
Fighting       | 4 |  4.0

Action                   |  1- 3 |  4- 6 || total
-------------------------+-------+-------++-------
Melee: Long sword        |   124 |   145 ||   269
  Use: Scroll            |     4 |     3 ||     7
       Potion            |       |     3 ||     3
Armor: Scale mail        |    60 |    54 ||   114
Dodge: Dodged            |    72 |    75 ||   147
Block: Buckler           |    39 |    63 ||   102
